 Dungeon Crawl Stone Soup version 0.25-a0-503-ge281fa673e (webtiles) character file.

Game seed: 9180231170778446554, levelgen mode: classic

131 EnegeticOcto the Covered (level 4, -7/42 HPs)
             Began as a Deep Dwarf Fighter on Feb 13, 2020.
             Mangled by an ogre
             ... wielding a +0 giant spiked club
              (15 damage)
             ... on level 4 of the Dungeon.
             The game lasted 00:00:44 (848 turns).

EnegeticOcto the Covered (Deep Dwarf Fighter)        Turns: 848, Time: 00:00:45

Health: -7/42      AC:  7    Str: 21    XL:     4   Next: 91%
Magic:  4/4        EV:  8    Int:  8    God:
Gold:   103        SH:  9    Dex: 12    Spells: 3/3 levels left

rFire    . . .     SeeInvis .   a - +0 war axe
rCold    . . .     Gourm    .   c - +0 kite shield
rNeg     . . .     Faith    .   b - +0 scale mail
rPois    .         Spirit   .   (no helmet)
rElec    .         Reflect  .   (no cloak)
rCorr    .         Harm     .   (no gloves)
MR       .....                  (no boots)
Stlth    ..........             (no amulet)
HPRegen  0.00/turn              (no ring)
MPRegen  0.09/turn              (no ring)

@: non-regenerating
A: damage resistance, heal wounds, sense surroundings 1, no regeneration
a: Heal Wounds


You were on level 4 of the Dungeon.
You were not hungry.

You visited 1 branch of the dungeon, and saw 4 of its levels.

You collected 103 gold pieces.

Inventory:

Hand Weapons
 a - a +0 war axe (weapon)
Armour
 b - a +0 scale mail (worn)
 c - a +0 kite shield (worn)
Scrolls
 g - a scroll of identify {unknown}
 h - a scroll of fog {unknown}
 i - a scroll of amnesia {unknown}
 j - 2 scrolls of teleportation {unknown}
 k - 4 scrolls of enchant armour {unknown}
 m - a scroll of fear {unknown}
 p - a scroll of immolation {unknown}
Potions
 d - a potion of might {@q3}
 l - a potion of haste {unknown}
 n - a potion of resistance {unknown}
 o - a potion of degeneration {unknown}
Comestibles
 e - 2 rations
 f - a chunk of flesh


   Skills:
 * Level 3.4 Fighting
 * Level 3.7 Axes
 + Level 3.8 Armour
 + Level 1.6 Dodging
 + Level 3.8 Shields


You had 3 spell levels left.
You didn't know any spells.
Your spell library was empty.

Dungeon Overview and Level Annotations

Branches:
Dungeon (4/15)
 Temple: D:4-7

Altars:
Ru
The Shining One


Innate Abilities, Weirdness & Mutations

You are resistant to damage.
You can heal yourself by infusing magical energy.
You passively map a small area around you.
You do not regenerate.


Message History

You slash the kobold skeleton!
You destroy the kobold skeleton!
Your shield and scale mail prevent you from hitting the goblin zombie.
You block the goblin zombie's attack.
You slash the goblin zombie!
You destroy the goblin zombie!
No target in view!
No target in view!
No target in view!
No target in view!
No target in view!
A crimson imp comes into view.
The crimson imp shouts!
Found a glowing golden altar of the Shining One.
A crimson imp is nearby!
The crimson imp blinks!
A hobgoblin zombie comes into view.
You barely miss the crimson imp.
The crimson imp hits you but does no damage.
You closely miss the crimson imp. The crimson imp hits you.
The crimson imp hits you but does no damage.
You closely miss the crimson imp.
A hobgoblin zombie comes into view.
The crimson imp hits you.
You hit the crimson imp.
The crimson imp is lightly wounded.
The crimson imp blinks!
You block the hobgoblin zombie's attack.
You closely miss the crimson imp. You hit the hobgoblin zombie.
You block the hobgoblin zombie's attack.
The crimson imp barely misses you.
You slash the hobgoblin zombie!
You destroy the hobgoblin zombie!
You hit the crimson imp. You slash the hobgoblin zombie!
You destroy the hobgoblin zombie!
The crimson imp hits you but does no damage.
The crimson imp closely misses you.
You hit the crimson imp.
The crimson imp is moderately wounded.
You block the crimson imp's attack.
You barely miss the crimson imp.
The crimson imp is lightly wounded.
The crimson imp hits you.
A goblin skeleton comes into view.
Your shield prevents you from hitting the crimson imp.
The crimson imp is lightly wounded.
You block the crimson imp's attack. x2
You barely miss the crimson imp. You block the crimson imp's attack.
You slash the crimson imp!
The crimson imp is almost dead.
You block the crimson imp's attack. The crimson imp hits you.
You closely miss the crimson imp.
The crimson imp is severely wounded.
The crimson imp hits you but does no damage.
You miss the crimson imp.
The crimson imp is severely wounded.
The crimson imp hits you but does no damage.
You closely miss the crimson imp.
The crimson imp is severely wounded.
You block the crimson imp's attack.
The crimson imp blinks!
You hit the goblin skeleton.
The goblin skeleton is almost destroyed.
You block the goblin skeleton's attack.
You barely miss the goblin skeleton.
The goblin skeleton is almost destroyed.
The crimson imp blinks!
The goblin skeleton barely misses you.
You slash the goblin skeleton!
You destroy the goblin skeleton!
You slash the crimson imp!
You kill the crimson imp!
No target in view!
No target in view!
No target in view!
No target in view!
No target in view!
No target in view!
No target in view!
No target in view!
No target in view!
You now have 103 gold pieces (gained 11).
An ogre comes into view. It is wielding a +0 giant spiked club.
The ogre shouts!
An ogre is nearby!
An ogre is nearby!
An ogre is nearby!
The ogre barely misses you.
Found a ration.
You hit the ogre.
The ogre is moderately wounded.
The ogre hits you with a +0 giant spiked club!!
Ouch! That really hurt!
* * * LOW HITPOINT WARNING * * *
You are too injured to fight recklessly!
You are too injured to fight recklessly!
You are too injured to fight recklessly!
You are too injured to fight recklessly!
You are too injured to fight recklessly!
You fail to use your ability.
The ogre hits you with a +0 giant spiked club!
You die...

... #...............#
... #...............#
.. #...............# ,
#...............# ###
#...##.....###..#
..#####'#############
..#.....#...........#
..#.....#......O....#
..#.....#.......@...#
..#.....#...........#
..'.....#%..........##
######..###..........#
##***#..# #...######.#
.#, .....#..., #.## .#
,....#....#####..# .#
...............# ##, *
#..............#


You could see an ogre.

Vanquished Creatures
  A crimson imp (D:4)
  A worker ant (D:4)
  A hound skeleton (D:4)
  2 adders
  An adder skeleton (D:4)
  An orc (D:3)
  4 giant cockroaches
  5 goblins
  A hobgoblin (D:1)
  8 jackals
  A ball python (D:1)
  2 bats
  A goblin skeleton (D:4)
  3 goblin zombies (D:4)
  3 hobgoblin zombies (D:4)
  2 kobolds (D:1)
  A kobold skeleton (D:4)
  3 rats
41 creatures vanquished.

Notes
Turn   | Place    | Note
-------+----------+-------------------------------------------
     0 | D:1      | EnegeticOcto the Deep Dwarf Fighter began the quest for the
                  | Orb.
     0 | D:1      | Reached XP level 1. HP: 20/20 MP: 1/1
   229 | D:2      | Reached XP level 2. HP: 27/27 MP: 2/2
   298 | D:2      | Found a sacrificial altar of Ru.
   355 | D:3      | Reached XP level 3. HP: 32/34 MP: 3/3
   385 | D:3      | Reached skill level 1 in Dodging
   723 | D:4      | Reached XP level 4. HP: 29/42 MP: 4/4
   804 | D:4      | Found a glowing golden altar of the Shining One.
   843 | D:4      | Noticed an ogre
   848 | D:4      | Mangled by an ogre

Levels and vault maps discovered:
D:1:      co_arrival_random_square_maze, layout_basic, due_unseen_surprise
D:2:      layout_rooms, lemuel_coloured_pillars_altar,
          nicolae_dithmenos_through_a_glass_darkly
D:3:      layout_loops_ring, gammafunk_temple_overflow_forgotten,
          makhleb_blood_cavern_becter, minmay_gold_behind_fungi
D:4:      layout_gridville, nicolae_tso_besieged_by_evil

Skill      XL: |  1  2  3 |
---------------+----------+-----
Fighting       | 3 |  3.4
Axes           | 3 |  3.7
Dodging        | 1 |  1.6
Armour         | |  3.8
Shields        | |  3.8

Action                   |  1- 3 |  4- 6 || total
-------------------------+-------+-------++-------
Melee: War axe           |    94 |    29 ||   123
Armor: Scale mail        |    70 |     8 ||    78
Dodge: Dodged            |    46 |     7 ||    53
Block: Kite shield       |    68 |    11 ||    79

Table legend:
 A = Non-vault XP
 B = Vault XP
 C = Vault XP percentage of total XP
 D = Non-vault monster count
 E = Vault monster count
 F = Vault count percentage of total count
                 A         B        C        D         E       F
            +---------+---------+-------+---------+---------+-------
      Total |     132 |      56 |  29.8 |      32 |       9 |  22.0
            +---------+---------+-------+---------+---------+-------
        D:1 |       8 |       0 |   0.0 |       6 |       0 |   0.0
        D:2 |      32 |       0 |   0.0 |      11 |       0 |   0.0
        D:3 |      31 |       0 |   0.0 |      11 |       0 |   0.0
        D:4 |      61 |      56 |  47.9 |       4 |       9 |  69.2
            +---------+---------+-------+---------+---------+-------
